 Dungeon Crawl Stone Soup version 0.13.0-18-g7b03ea5 (webtiles) character file.

11944 Ragg the Basher (level 11, -2/68 HPs)
             Began as a Gargoyle Berserker on Oct 23, 2013.
             Was the Champion of Trog.
             Slain by an iguana (5 damage)
             ... on Level 1 of the Lair of Beasts.
             The game lasted 00:57:58 (9337 turns).

Ragg the Basher (Gargoyle Berserker)                Turns: 9337, Time: 00:57:59

HP  -2/68        AC 38     Str 21      XL: 11   Next: 79%
MP  10/10        EV  5     Int  8      God: Trog [******]
Gold 400         SH  0     Dex 12      Spells:  0 memorised, 10 levels left

Res.Fire  : . . .   See Invis. : .   T - +1,+4 great mace (protect)
Res.Cold  : + . .   Warding    : .   R - +0 orc plate armour
Life Prot.: + . .   Conserve   : .   (no shield)
Res.Poison: +       Res.Corr.  : .   B - +0 helmet
Res.Elec. : +       Clarity    : .   i - +0 cloak
Sust.Abil.: . .     Spirit.Shd : .   N - +0 pair of gauntlets
Res.Mut.  : .       Stasis     : .   g - +0 pair of boots (curse)
Res.Rott. : +       Flight     : .   (no amulet)
Saprovore : . . .                    D - cursed ring of protection from cold
                                     y - ring of Robustness {AC+8}

@: regenerating, very resistant to hostile enchantments, extremely unstealthy
A: fangs 1, talons 2, life protection 1, electricity resistance, slow metabolism
1, unbreathing, petrification resistance, AC +7
a: Burn Spellbooks, Berserk, Trog's Hand, Brothers in Arms, Renounce Religion


You were on level 1 of the Lair of Beasts.
You worshipped Trog.
Trog was exalted by your worship.
You were not hungry.

You visited 2 branches of the dungeon, and saw 12 of its levels.

You collected 475 gold pieces.
You spent 95 gold pieces at shops.

Inventory:

Hand weapons
 T - a +1,+4 great mace of protection (weapon)
Armour
 g - a cursed +0 pair of boots (worn)
 i - a +0 cloak (worn)
 B - a +0 helmet (worn)
 N - a +0 pair of gauntlets (worn)
 R - a +0 orcish plate armour (worn)
Magical devices
 K - a wand of fire (9)
Comestibles
 b - a lychee
 c - 13 bread rations
 k - 3 meat rations
 o - a sausage
 p - 15 strawberries
 r - 7 sultanas
 t - 5 apples
 z - 2 pears
 H - 3 chokos
 P - 8 slices of pizza
 U - 3 rotting chunks of hippogriff flesh
Scrolls
 e - 6 scrolls of identify
 f - 3 scrolls of teleportation
 h - 4 scrolls of enchant armour
 j - 5 scrolls of remove curse
 m - 2 scrolls of magic mapping {unknown}
 s - a scroll of fog {unknown}
 w - 3 scrolls of amnesia {unknown}
 A - a scroll of random uselessness {unknown}
 E - a scroll of enchant weapon II {unknown}
 F - a scroll of curse armour {unknown}
 G - 2 scrolls of brand weapon {unknown}
 J - a scroll of noise {unknown}
 L - a scroll of recharging {unknown}
 Q - 2 scrolls of immolation {unknown}
 S - a scroll of silence {unknown}
 W - a scroll of summoning {unknown}
Jewellery
 y - the ring of Robustness (left hand) {AC+8}
   (You found it on level 5 of the Dungeon)

   [ring of protection]

   It affects your AC (+8).
 D - a cursed ring of protection from cold (right hand)
Potions
 a - a potion of invisibility {unknown}
 d - a potion of magic {unknown}
 l - 8 potions of curing
 n - 2 potions of resistance
 q - 2 potions of restore abilities
 u - 2 potions of might {unknown}
 v - 2 potions of slowing {unknown}
 x - a potion of agility {unknown}
 C - a potion of paralysis {unknown}
 I - 2 potions of berserk rage
 M - 2 potions of degeneration {unknown}
 O - a potion of heal wounds {unknown}
 V - 2 potions of brilliance {unknown}


   Skills:
 + Level 9.3 Fighting
 + Level 12.1 Maces & Flails
 + Level 6.7 Armour
 + Level 9.5 Dodging
 - Level 1.6 Stealth


You had 10 spell levels left.
You didn't know any spells.

Dungeon Overview and Level Annotations

Branches:
Dungeon (11/27)            Temple (0/1) D:7             Orc (0/4) D:11
   Lair (1/8) D:9

Altars:
Kikubaaqudgha
Makhleb
Vehumet

Shops:
D:7 *   D:8 %


Innate Abilities, Weirdness & Mutations

You are resistant to torment.
You are immune to poison.
Your stone body is very resilient (AC +7).
You have very sharp teeth.
You have razor-sharp toenails.
You resist negative energy.
You are resistant to electric shocks.
You have a slow metabolism.
You can survive without breathing.
You are immune to petrification.


Message History

You closely miss the komodo dragon.
You bite the komodo dragon, but do no damage.
The komodo dragon is severely wounded.
The iguana bites you but does no damage.
The komodo dragon bites you.
* * * LOW HITPOINT WARNING * * *
The iguana bites you.
* * * LOW HITPOINT WARNING * * *
Use which ability? (? or * to list)
Your skin crawls.
You feel resistant to hostile enchantments.
You feel slightly more hungry. The hound bites you.
* * * LOW HITPOINT WARNING * * *
The komodo dragon bites you!
* * * LOW HITPOINT WARNING * * *
The hound bites you but does no damage. The iguana barely misses you.
You miss the hound. The hound closely misses you. The komodo dragon bites you.
* * * LOW HITPOINT WARNING * * *
The iguana bites you.
You die...

..##....# ##..#.###....
........## ##...#.#..#
#........## #....#..#
##........## ###....#
##........## ##..>##
#.#...#....# ###....#
###....##...##.....####
##....##......h)..#.#
##f...##....@##...##
#.##
###.......l#l###..#
.... #......# ## ##.#
.... ..#... #..# ##.
...#. ##.# # . .# ##.##
#. #...# ### ##.## ..##
####.#.###


You could see a komodo dragon, an iguana and a hound.

Vanquished Creatures
  An unseen horror (D:11)
  2 hill giants
  A spiny frog (Lair:1)
  Grinder (D:4)
  A spriggan (D:9)
  A two-headed ogre (D:9)
  4 humans (D:6)
  A steam dragon (D:9)
  4 yaks (D:11)
  Edmund (D:5)
  Menkaure (D:4)
  4 hippogriffs
  A necrophage (D:8)
  2 porcupines (Lair:1)
  A yellow wasp (D:10)
  5 ogres
  A black bear (Lair:1)
  3 orc warriors (D:10)
  An ice beast (D:8)
  6 centaurs
  5 sky beasts
  2 phantoms
  The ghost of Deemzul the Insei, an average OpMo (D:3)
  Sigmund (D:7)
  4 water moccasins
  5 gnoll sergeants
  A big kobold (D:10)
  4 giant frogs
  A troll zombie (D:8)
  An eye of draining (D:9)
  14 killer bees
  16 wights
  5 crimson imps
  2 goliath beetles
  A giant frog zombie (D:8)
  2 giant frog skeletons
  4 orc priests
  10 hounds
  2 gnoll shamans (D:8)
  3 jellies
  7 orc wizards
  2 scorpions
  An iron imp (D:2)
  7 worker ants
  Ijyb (D:4)
  2 mummies (D:9)
  29 gnolls
  A giant centipede (Lair:1)
  2 worm zombies
  12 adders
  7 worms
  A giant mite (D:5)
  An inept item mimic (D:3)
  A scorpion zombie (D:10)
  50 orcs
  A bat skeleton (D:5)
  7 giant cockroaches
  10 goblins
  13 hobgoblins
  32 jackals
  9 quokkas
  A ball python (D:7)
  15 bats
  4 giant geckos
  4 giant newts
  A gnoll skeleton (D:9)
  A hobgoblin zombie (D:7)
  A jackal skeleton (D:7)
  20 kobolds
  17 rats
  2 ballistomycetes (D:8)
388 creatures vanquished.

Vanquished Creatures (others)
  An orc warrior (D:10)
  A hound (D:10)
  An orc priest (D:8)
  10 orcs (D:10)
  A giant spore (D:8)
14 creatures vanquished.

Grand Total: 402 creatures vanquished

Notes
Turn   | Place    | Note
--------------------------------------------------------------
     0 | D:1      | Ragg, the Gargoyle Berserker, began the quest for the Orb.
     0 | D:1      | Reached XP level 1. HP: 14/14 MP: 0/0
   120 | D:1      | Reached XP level 2. HP: 12/19 MP: 1/1
   478 | D:1      | Acquired Trog's second power
   889 | D:2      | Reached XP level 3. HP: 24/24 MP: 2/2
  1034 | D:2      | Reached skill level 4 in Maces & Flails
  1228 | D:2      | Reached XP level 4. HP: 25/29 MP: 3/3
  1386 | D:2      | Found a burning altar of Makhleb.
  1467 | D:3      | Noticed Deemzul's ghost (average OpMo)
  1481 | D:3      | Reached XP level 5. HP: 27/33 MP: 4/4
  1486 | D:3      | Killed Deemzul's ghost
  1684 | D:3      | Reached XP level 6. HP: 39/39 MP: 5/5
  2411 | D:4      | Noticed Grinder
  2415 | D:4      | Noticed Menkaure
  2415 | D:4      | Paralysed by Grinder for 7 turns
  2426 | D:4      | Killed Menkaure
  2426 | D:4      | Reached skill level 5 in Maces & Flails
  2426 | D:4      | Reached XP level 7. HP: 18/44 MP: 6/6
  2438 | D:4      | Killed Grinder
  2438 | D:4      | Acquired Trog's third power
  2438 | D:4      | Reached skill level 5 in Fighting
  2616 | D:4      | Noticed Ijyb
  2633 | D:4      | Killed Ijyb
  2750 | D:4      | Reached skill level 1 in Stealth
  2923 | D:5      | Entered Level 5 of the Dungeon
  2984 | D:5      | Reached skill level 6 in Maces & Flails
  3131 | D:5      | Noticed Edmund
  3161 | D:5      | Killed Edmund
  3161 | D:5      | Reached XP level 8. HP: 46/49 MP: 7/7
  3715 | D:6      | Found an ancient bone altar of Kikubaaqudgha.
  3747 | D:6      | Reached skill level 5 in Dodging
  4048 | D:6      | Reached skill level 7 in Maces & Flails
  4227 | D:6      | Noticed a human
  4269 | D:6      | Killed a human
  4269 | D:6      | Reached skill level 8 in Maces & Flails
  4269 | D:6      | Reached XP level 9. HP: 55/55 MP: 8/8
  4276 | D:6      | Reached skill level 5 in Armour
  4671 | D:7      | Found a staircase to the Ecumenical Temple.
  4807 | D:7      | Found Smueh's General Store.
  4823 | D:7      | Bought a scroll of curse weapon for 20 gold pieces
  4823 | D:7      | Bought a scroll of identify for 20 gold pieces
  4823 | D:7      | Bought a scroll of enchant weapon I for 55 gold pieces
  4923 | D:7      | Found a burning altar of Makhleb.
  4931 | D:7      | Noticed Sigmund
  4940 | D:7      | Killed Sigmund
  5572 | D:8      | Reached skill level 9 in Maces & Flails
  5774 | D:8      | Reached XP level 10. HP: 57/61 MP: 9/9
  5869 | D:8      | Received a gift from Trog
  5870 | D:8      | Got an ichor-stained triple sword {god gift}
  6060 | D:8      | Found Frez's Food Shop.
  6617 | D:8      | Reached skill level 10 in Maces & Flails
  6784 | D:9      | Received a gift from Trog
  7072 | D:9      | Found a radiant altar of Vehumet.
  7073 | D:9      | Found a staircase to the Lair.
  7168 | D:9      | Got a smoking scale mail
  7182 | D:9      | Identified the +2 scale mail of Khuim {Str-2 Dex+3} (You found it on level 9 of the Dungeon)
  7383 | D:9      | Reached XP level 11. HP: 67/67 MP: 10/10
  7538 | D:10     | Entered Level 10 of the Dungeon
  7587 | D:10     | Noticed a hill giant
  7599 | D:10     | Killed a hill giant
  7599 | D:10     | Received a gift from Trog
  7911 | D:10     | Reached skill level 11 in Maces & Flails
  8566 | D:11     | Killed an unseen horror
  8592 | D:11     | Noticed a hill giant
  8600 | D:11     | Killed a hill giant
  8607 | D:11     | Received a gift from Trog
  8770 | D:11     | Found a staircase to the Orcish Mines.
  8989 | Lair:1   | Entered Level 1 of the Lair of Beasts
  9062 | Lair:1   | Reached skill level 12 in Maces & Flails
  9337 | Lair:1   | HP: 3/68 [komodo dragon (2)]
  9337 | Lair:1   | Slain by an iguana

Action                   |  1- 3 |  4- 6 |  7- 9 | 10-12 || total
-------------------------+-------+-------+-------+-------++-------
Melee: Mace              |   138 |   108 |       |       ||   246
       Morningstar       |       |    65 |   120 |       ||   185
       Dire flail        |       |       |   431 |   250 ||   681
       Great mace        |       |       |       |   419 ||   419
Invok: Berserk           |       |     1 |     1 |     2 ||     4
       Trog's Hand       |       |       |       |     5 ||     5
Evoke: Wand              |       |       |       |     1 ||     1
  Use: Potion            |       |       |     3 |       ||     3
       Scroll            |       |       |     5 |     3 ||     8
